 Dungeon Crawl Stone Soup version 0.29.0-13-gc9e81de378 (webtiles) character file.

Game seed: 13914729969228223150

738 ragingrage the Cleaver (level 7, 0/57 HPs)
             Began as a Hill Orc Monk on Sept 9, 2022.
             Was a Priest of Beogh.
             Killed from afar by a white imp (13 damage)
             ... with a puff of frost
             ... on level 5 of the Dungeon.
             The game lasted 00:03:38 (4759 turns).

ragingrage the Cleaver (Hill Orc Monk)              Turns: 4759, Time: 00:03:38

Health: 0/57       AC:  2    Str: 16    XL:     7   Next: 75%
Magic:  7/7        EV:  5    Int: 10    God:    Beogh [***...]
Gold:   241        SH:  7    Dex: 13    Spells: 6/6 levels left

rFire   . . .      SeeInvis +   a - +0 hand axe
rCold   . . .      Faith    .   B - +0 kite shield
rNeg    . . .      Spirit   .   d - +0 chain mail
rPois   .          Reflect  .   v - +0 helmet
rElec   .          Harm     .   k - +0 cloak
rCorr   .          Rampage  .   (no gloves)
Will    .....                   (no boots)
Stlth   ..........              (no amulet)
HPRegen 0.19/turn               b - ring of see invisible
MPRegen 0.10/turn               (no ring)

@: marked, corroded
A: no striking features
a: Renounce Religion, Smiting


You were on level 5 of the Dungeon.
You worshipped Beogh.
Beogh was most pleased with you.
You visited 1 branch of the dungeon, and saw 5 of its levels.

You collected 241 gold pieces.

Inventory:

Hand Weapons
 a - a +0 hand axe (weapon)
Missiles
 e - a curare-tipped dart
 h - 38 poisoned darts (quivered)
Armour
 d - a +0 chain mail (worn)
 k - a +0 cloak (worn)
 v - a +0 helmet (worn)
 B - a +0 kite shield (worn)
Jewellery
 b - a ring of see invisible (left hand)
 i - an amulet of the acrobat
 y - a ring of resist corrosion
Wands
 u - a wand of mindburst (12)
Scrolls
 g - 2 scrolls of enchant armour {unknown}
 j - a scroll of torment {unknown}
 l - 2 scrolls of blinking {unknown}
 m - 2 scrolls of amnesia {unknown}
 p - 3 scrolls of teleportation {unknown}
 r - a scroll of poison {unknown}
 t - a scroll of magic mapping {unknown}
 w - a scroll of enchant weapon {unknown}
 A - a scroll of vulnerability {unknown}
 C - a scroll of identify {unknown}
Potions
 c - a potion of ambrosia
 f - a potion of lignification
 n - a potion of berserk rage {unknown}
 o - a potion of brilliance {unknown}
 q - a potion of invisibility {unknown}
 s - a potion of curing {unknown}
 x - a potion of magic {unknown}
 z - a potion of mutation {unknown}


   Skills:
 - Level 3.6 Fighting
 + Level 11.5 Axes
 - Level 2.4 Dodging
 - Level 1.5 Stealth


You had 6 spell levels left.
You didn't know any spells.
Your spell library contained the following spells:

 Spells                   Type           Power      Damage    Failure   Level
 Beastly Appendage        Tmut           0%         N/A       100%        1
 Wereblood                Tmut           0%         N/A       100%        2
 Dazzling Flash           Conj/Hex       0%         N/A       100%        3
 Spider Form              Tmut/Pois      0%         N/A       100%        3
 Iskenderun's Mystic Bla  Conj/Tloc      0%         2d3       100%        4
 Starburst                Conj/Fire      0%         6d3       100%        6


Dungeon Overview and Level Annotations

Branches:
Dungeon (5/15)
 Temple: D:4-7

Altars:
Cheibriados

Shops:
D:1 :

Annotations:
D:4 1 runed translucent door, Crazy Yiuf


Message History

You slash the jelly!
Your hands burn!
The jelly is almost dead.
You hit the white imp. You hit the jelly but do no damage.
Your hands burn!
The jelly is almost dead.
You hit the white imp. You block the white imp's attack. The jelly hits you.
The acid corrodes you!
You are splashed with acid!
You hit the white imp but do no damage.
The white imp is heavily wounded.
You hit the jelly but do no damage.
Your hands burn!
* * * LOW HITPOINT WARNING * * *
The jelly jiggles.
The jelly hits you but does no damage. The white imp hits you.
* * * LOW HITPOINT WARNING * * *
The white imp freezes you.
* * * LOW HITPOINT WARNING * * *
An orc comes into view. It is wielding a +0 flail.
The orc falls on its knees before you.
You swap places.
The white imp barely misses your orc warrior.
The jelly misses your orc warrior.
Your orc warrior hits the jelly with a +0 flail!
The jelly dies!
Beogh accepts your kill.
Your orc warrior looks more experienced.
The white imp barely misses your orc warrior.
Your orc warrior closely misses the white imp.
You swap places.
An orc wizard comes into view. It is wielding a +0 dagger.
The white imp hits you but does no damage.
An orc comes into view. It is wielding a +0 club.
The orc falls on its knees before you. It asks, "Are you our saviour?"
You barely miss the white imp.
The white imp is moderately wounded.
The orc wizard mumbles some strange words.
The orc wizard flickers and vanishes for a moment.
The white imp gestures at you. The puff of frost hits you!
You die...

#o..# ###.o.###
#.......#
..o.... .....
#...# #5..# ##
#@# (. #o# #..
#o# #..####.#
#..#o...# .#
#..#.#### .#
#....# .#
#.#..###########
.## #
#.............
..#


You could see an orc wizard (invisible), a white imp (ally target), a friendly
orc warrior, a friendly orc wizard and 2 friendly orcs.

Vanquished Creatures
  Grinder (D:4)
  An ogre (D:4)
  A centaur (D:5)
  A kobold brigand (D:4)
  A hound (D:4)
  2 iguanas (D:4)
  An orc wizard (D:4)
  Robin (D:4)
  7 adders
  An ufetubus (D:4)
  A worm (D:2)
  A dart slug (D:2)
  5 orcs
  5 endoplasms
  3 giant cockroaches
  13 hobgoblins
  23 kobolds
  A quokka (D:2)
  6 ball pythons
  9 bats
  3 frilled lizards
  16 goblins
  10 rats
113 creatures vanquished.

Vanquished Creatures (collateral kills)
  A jelly (D:5)
  An iguana (D:4)
  An orc (D:4)
  An endoplasm (D:4)
4 creatures vanquished.

Vanquished Creatures (others)
  An adder (D:3)
  2 orcs (D:4)
  14 plants (D:4)
17 creatures vanquished.

Grand Total: 134 creatures vanquished

Notes
Turn   | Place    | Note
-------+----------+-------------------------------------------
     0 | D:1      | ragingrage the Hill Orc Monk began the quest for the Orb.
     0 | D:1      | Reached XP level 1. HP: 19/19 MP: 1/1
   194 | D:1      | Reached XP level 2. HP: 14/26 MP: 2/2
   372 | D:1      | Reached skill level 5 in Axes
   471 | D:1      | Found Pokkot's Book Shoppe.
   878 | D:2      | Reached XP level 3. HP: 30/31 MP: 3/3
  1001 | D:2      | Found a faded altar of an unknown god.
  1175 | D:2      | Reached skill level 6 in Axes
  1296 | D:2      | Reached XP level 4. HP: 34/39 MP: 4/4
  1758 | D:3      | Found a snail-covered altar of Cheibriados.
  2183 | D:3      | Reached skill level 7 in Axes
  2309 | D:3      | Became a worshipper of Beogh the Brigand
  2309 | D:3      | Reached * piety under Beogh
  2309 | D:3      | Reached ** piety under Beogh
  2874 | D:4      | Reached XP level 5. HP: 32/45 MP: 5/5
  3022 | D:4      | Noticed Robin
  3164 | D:4      | Killed Robin
  3288 | D:4      | Found a runed translucent door.
  3289 | D:4      | Noticed Crazy Yiuf
  3361 | D:4      | Noticed an ogre
  3374 | D:4      | Killed an ogre
  3375 | D:4      | Reached skill level 8 in Axes
  3375 | D:4      | Reached XP level 6. HP: 36/51 MP: 2/6
  3388 | D:4      | Reached skill level 9 in Axes
  3671 | D:4      | Reached *** piety under Beogh
  4010 | D:4      | Noticed Grinder
  4021 | D:4      | Killed Grinder
  4022 | D:4      | Reached skill level 10 in Axes
  4022 | D:4      | Reached XP level 7. HP: 16/57 MP: 7/7
  4605 | D:4      | Reached skill level 11 in Axes
  4664 | D:5      | Entered Level 5 of the Dungeon
  4759 | D:5      | Killed from afar by a white imp

Illustrated notes

Levels and vault maps discovered:
D:1:      eino_arrival_druids_welcome, layout_rooms, serial_shops,
          nicolae_shop_behind_doors
D:2:      layout_basic, shapermc_ecumenical_altar_mp_highgroup
D:3:      layout_loops_ring, lemuel_tele_altar, kennysheep_generic_room_10
D:4:      kennysheep_kobold_camp, layout_gridville,
          hangedman_decor_clover_reticule, uniq_robin, uniq_crazy_yiuf_cottage,
          uniq_grinder
D:5:      layout_loops_ring

Skill      XL: |  1  2  3  4  5  6  7 |
---------------+----------------------+-----
Axes           | 5 6 7 8 10 11 | 11.5
Fighting       | |  3.6
Dodging        | |  2.4
Stealth        | |  1.5

Action                   |  1- 3 |  4- 6 |  7- 9 || total
-------------------------+-------+-------+-------++-------
Melee: Hand axe          |   120 |   238 |    30 ||   388
       Punch             |     2 |     3 |       ||     5
Throw: Dart              |       |     4 |       ||     4
Invok: Convert to Beogh  |       |     1 |       ||     1
       Smiting           |       |     1 |       ||     1
Evoke: Wand              |       |     2 |       ||     2
  Use: Potion            |       |     2 |       ||     2
Armor: Chain mail        |    99 |   144 |     9 ||   252
       Skin              |       |    14 |       ||    14
Dodge: Dodged            |    41 |   104 |    10 ||   155
Block: Kite shield       |       |       |     3 ||     3
